 Dungeon Crawl Stone Soup version 0.29-a0-994-gc5c9f59d18 (webtiles) character file.

Game seed: 7422729002109168745

65 frimble the Digger (level 3, -5/24 HPs)
             Began as a Demonspawn Earth Elementalist on Aug 3, 2022.
             Slain by Natasha (7 damage)
             ... on level 2 of the Dungeon.
             The game lasted 00:02:29 (2086 turns).

frimble the Digger (Demonspawn Earth Elementalist)  Turns: 2086, Time: 00:02:30

Health: -5/24      AC:  4    Str:  8    XL:     3   Next: 92%
Magic:  4/6        EV: 12    Int: 18    God:
Gold:   47         SH:  0    Dex: 13    Spells: 5/6 levels left

rFire   . . .      SeeInvis .   d - +2 dagger (venom)
rCold   . . .      Faith    .   (no shield)
rNeg    . . .      Spirit   .   a - +1 robe
rPois   .          Reflect  .   h - +1 hat
rElec   .          Harm     .   (no cloak)
rCorr   .          Rampage  .   (no gloves)
Will    .....                   (no boots)
Stlth   ++........              (no amulet)
HPRegen 0.08/turn               (no ring)
MPRegen 0.10/turn               (no ring)

@: slowed, very slow
A: antennae 1
a: no special abilities


You were on level 2 of the Dungeon.
You visited 1 branch of the dungeon, and saw 2 of its levels.

You collected 47 gold pieces.

Inventory:

Hand Weapons
 b - a +0 short sword
 d - a +2 dagger of venom (weapon)
Armour
 a - a +1 robe (worn)
 h - a +1 hat (worn)
Scrolls
 c - a scroll of immolation {unknown}
 e - a scroll of vulnerability
 g - a scroll of amnesia
 j - a scroll of identify
Potions
 f - a potion of lignification {unknown}
 i - a potion of mutation {unknown}


   Skills:
 + Level 0.2 Short Blades
 - Level 1.7 Dodging
 - Level 1.7 Stealth
 - Level 2.0 Spellcasting
 - Level 2.4 Transmutations
 - Level 3.6 Earth Magic


You had 5 spell levels left.
You knew the following spells:

 Your Spells              Type           Power      Damage    Failure   Level
a - Sandblast             Erth           28%        2d8       4%          1

Your spell library contained the following spells:

 Spells                   Type           Power      Damage    Failure   Level
 Passwall                 Tmut/Erth      10%        N/A       8%          2
 Stone Arrow              Conj/Erth      16%        3d8       26%         3
 Petrify                  Tmut/Erth      12%        N/A       45%         4
 Gell's Gravitas          Tloc           1%         N/A       47%         3
 Lesser Beckoning         Tloc           1%         N/A       47%         3
 Teleport Other           Tloc           1%         N/A       47%         3


Dungeon Overview and Level Annotations

Branches:
Dungeon (2/15)

Altars:

Annotations:
D:2 Natasha


Innate Abilities, Weirdness & Mutations

You have a pair of small antennae on your head.


Message History

The hobgoblin attacks as you move away!
The hobgoblin hits you but does no damage.
The hobgoblin barely misses you.
You barely miss the hobgoblin. The hobgoblin barely misses you.
Unknown command.
Unknown command.
Unknown command.
Unknown command.
You hit the hobgoblin.
The hobgoblin is moderately wounded.
The hobgoblin barely misses you.
Natasha hisses.
The hobgoblin barely misses you.
You hit the hobgoblin.
You kill the hobgoblin!
Natasha howls an incantation.
Natasha glows brightly for a moment.
Natasha claws you.
You hit Natasha.
Natasha is poisoned.
Natasha is moderately wounded.
The crimson imp disappears in a puff of smoke!
Natasha claws you but does no damage.
Aiming: Sandblast (safe; 4% risk of failure)
Press: ? - help, Q - select action Shift-Dir - straight line, f - Natasha
Aim: Natasha (moderately wounded, very poisoned, 77% to hit)
The blast of sand hits Natasha.
Natasha is heavily wounded.
Natasha casts a spell at you. The magic dart hits you.
* * * LOW HITPOINT WARNING * * *
Natasha mumbles some strange words.
Natasha claws you.
* * * LOW HITPOINT WARNING * * *
Aiming: Sandblast (safe; 4% risk of failure)
Press: ? - help, Q - select action Shift-Dir - straight line, f/p - Natasha
Aim: Natasha (severely wounded, very poisoned, 77% to hit)
The blast of sand hits Natasha.
Natasha is almost dead.
Natasha claws you!
You die...

#### ...## ##. ####...
... .....###.# #>#
#.5§....# #.#
####.§##### #.#
#.@h§......#
#.######.##5.####.#
#............#
#........(...#
#########.##.##.##..#
..........##.##.##..#
#########.##.##.##)...
#######.##.##.# #.###
###.......##.##.#


You could see Natasha (poisoned) and a crimson imp (summoned).

Vanquished Creatures
  A gnoll (D:1)
  8 dart slugs (D:1)
  5 endoplasms (D:1)
  2 giant cockroaches
  4 hobgoblins
  2 quokkas
  2 ball pythons
  6 bats (D:1)
  3 frilled lizards
  3 goblins
  A kobold (D:1)
  2 rats
39 creatures vanquished.

Notes
Turn   | Place    | Note
-------+----------+-------------------------------------------
     0 | D:1      | frimble the Demonspawn Earth Elementalist began the quest
                  | for the Orb.
     0 | D:1      | Reached XP level 1. HP: 13/13 MP: 3/3
    89 | D:1      | Reached skill level 1 in Transmutations
   454 | D:1      | Reached skill level 3 in Earth Magic
   454 | D:1      | Gained mutation: You have a pair of small antennae on your
                  | head. [demonic ancestry]
   454 | D:1      | Reached XP level 2. HP: 2/19 MP: 3/5
  1013 | D:1      | Reached XP level 3. HP: 24/24 MP: 4/6
  2071 | D:2      | Noticed Natasha
  2085 | D:2      | HP: 1/24 [Natasha (6)]
  2086 | D:2      | Slain by Natasha

Illustrated notes

Levels and vault maps discovered:
D:1:      sevenhm_arrival_forest_fort_large_4, layout_loops_ring,
          serial_bayou_pond_b
D:2:      layout_loops_ring, serial_shops, nicolae_diamond_shop, uniq_natasha,
          uniq_crazy_yiuf_cottage

Skill      XL: |  1  2 |
---------------+-------+-----
Transmutations | 1 2 |  2.4
Earth Magic    | 3 |  3.6
Short Blades   | |  0.2
Dodging        | |  1.7
Stealth        | |  1.7
Spellcasting   | |  2.0

Action                   || total
-------------------------++-------
Melee: Unarmed           ||     3
       Dagger            ||    19
 Cast: Sandblast         ||    60
  Use: Potion            ||     1
       Scroll            ||     5
 Stab: Sleeping          ||     1
Armor: Robe              ||    18
Dodge: Dodged            ||    54

Table legend: (Time is in decaauts)
 A = Elapsed time spent in this place.
 B = Non-inter-level travel time spent in this place.
 C = Inter-level travel time spent in this place.
 D = Time resting spent in this place.
 E = Time spent auto-exploring this place.
 F = Levels seen in this place.
 G = Mean time per level.
                   A        B        C        D        E       F      G
               +--------+--------+--------+--------+--------+-----+--------+
         Total |   2150 |   2122 |     28 |    131 |   1669 |   2 | 1075.0 |
       Dungeon |   2150 |   2122 |     28 |    131 |   1669 |   2 | 1075.0 |
               +--------+--------+--------+--------+--------+-----+--------+

Top non-repeatable levels by time:
     D:1: 1946 daAuts
     D:2: 204 daAuts
